 Dungeon Crawl Stone Soup version 0.28.0-53-g5a82cb258f (webtiles) character file.

Game seed: 11419493324749968688

28 DemonSlayer the Firebug (level 2, -5/19 HPs)
             Began as a Demonspawn Fire Elementalist on July 26, 2022.
             Slain by Natasha (6 damage)
             ... on level 2 of the Dungeon.
             The game lasted 00:02:13 (1906 turns).

DemonSlayer the Firebug (DsFE)                      Turns: 1906, Time: 00:02:15

Health: -5/19      AC:  5    Str: 14    XL:     2   Next: 96%
Magic:  5/5        EV: 12    Int: 16    God:
Gold:   15         SH:  0    Dex: 13    Spells: 2/5 levels left

rFire   . . .      SeeInvis .   e - +0 falchion
rCold   . . .      Faith    .   (no shield)
rNeg    . . .      Spirit   .   a - +1 robe
rPois   .          Reflect  .   (no helmet)
rElec   .          Harm     .   (no cloak)
rCorr   .          Rampage  .   (no gloves)
Will    .....                   (no boots)
Stlth   ++........              (no amulet)
HPRegen 0.06/turn               g - +6 ring of strength
MPRegen 0.09/turn               (no ring)

@: slowed, very slow
A: yellow scales 1
a: no special abilities


You were on level 2 of the Dungeon.
You visited 1 branch of the dungeon, and saw 2 of its levels.

You collected 15 gold pieces.

Inventory:

Hand Weapons
 e - a +0 falchion (weapon)
Missiles
 c - 10 sling bullets
Armour
 a - a +1 robe (worn)
Jewellery
 g - a +6 ring of strength (left hand)
Scrolls
 b - a scroll of enchant armour
 d - a scroll of immolation
Potions
 f - 2 potions of heal wounds {unknown}


   Skills:
 + Level 0.2 Long Blades
 + Level 2.0 Dodging
 + Level 1.9 Stealth
 + Level 0.1 Unarmed Combat
 + Level 2.4 Spellcasting
 + Level 1.0 Conjurations
 + Level 3.1 Fire Magic


You had 2 spell levels left.
You knew the following spells:

 Your Spells              Type           Power      Damage    Failure   Level
a - Foxfire               Conj/Fire      32%        2x1d5     9%          1
b - Scorch                Fire           24%        2d6       9%          2

Your spell library contained the following spells:

 Spells                   Type           Power      Damage    Failure   Level
 Conjure Flame            Conj/Fire      8%         6-21      26%         3
 Inner Flame              Hex/Fire       7%         N/A       30%         3
 Flame Wave               Conj/Fire      8%         2d5       63%         4


Dungeon Overview and Level Annotations

Branches:
Dungeon (2/15)

Altars:

Annotations:
D:2 Natasha


Innate Abilities, Weirdness & Mutations

You are partially covered in yellow scales. (AC +2)


Message History

You are too injured to fight recklessly!
You are too injured to fight recklessly!
You are too injured to fight recklessly!
You are too injured to fight recklessly!
You are too injured to fight recklessly!
You are too injured to fight recklessly!
You are too injured to fight recklessly!
You are too injured to fight recklessly!
You are too injured to fight recklessly!
You are too injured to fight recklessly!
You are too injured to fight recklessly!
You are too injured to fight recklessly!
You are too injured to fight recklessly!
You hit Natasha.
Natasha is heavily wounded.
The white imp lashes its tail.
The white imp laughs crazily.
The white imp hits you but does no damage.
Natasha barely misses you.
The white imp hits you but does no damage.
Natasha casts a spell.
You barely miss Natasha.
Natasha is heavily wounded.
The white imp barely misses you. Natasha barely misses you.
The iron imp hits you.
* * * LOW HITPOINT WARNING * * *
The white imp gestures at you. The puff of frost misses you.
Natasha closely misses you.
Unknown command.
You closely miss Natasha.
Natasha is heavily wounded.
The white imp barely misses you. The iron imp barely misses you.
Natasha misses you. The white imp barely misses you.
You hit Natasha but do no damage.
Natasha is heavily wounded.
Natasha extends her claws.
Natasha claws you but does no damage. The iron imp closely misses you.
The white imp hits you but does no damage.
Natasha claws you.
You die...

... #.# #.# #.# #.#
#.#####S #.# #.##...
#.###.##.###
..#.###.#......!.
.....5h5....##.#######.
#@...)...<.......
##5..###.#######.
...$...# #.# ####...#
#.# ##### #.# #.# ..#
###


You could see an iron imp (summoned), Natasha and 2 white imps.

Vanquished Creatures
  2 dart slugs (D:1)
  3 ball pythons (D:1)
  An endoplasm (D:1)
  4 hobgoblins (D:1)
  A kobold (D:2)
  A quokka (D:1)
  6 bats (D:1)
  A frilled lizard (D:1)
  2 goblins (D:1)
21 creatures vanquished.

Vanquished Creatures (others)
  90 foxfires (D:1)
90 creatures vanquished.

Grand Total: 111 creatures vanquished

Notes
Turn   | Place    | Note
-------+----------+-------------------------------------------
     0 | D:1      | DemonSlayer the Demonspawn Fire Elementalist began the
                  | quest for the Orb.
     0 | D:1      | Reached XP level 1. HP: 13/13 MP: 3/3
   218 | D:1      | Reached skill level 3 in Fire Magic
   325 | D:1      | Gained mutation: You are partially covered in yellow
                  | scales. (AC +2) [demonic ancestry]
   325 | D:1      | Reached XP level 2. HP: 10/19 MP: 1/5
   328 | D:1      | Learned a level 2 spell: Scorch
  1048 | D:1      | Found a faded altar of an unknown god.
  1889 | D:2      | Noticed Natasha
  1906 | D:2      | Slain by Natasha

Illustrated notes

Levels and vault maps discovered:
D:1:      dpeg_arrival_round_b, layout_loops_corners,
          hellmonk_ecumenical_altar_blasted, minmay_misc_feat_pillars
D:2:      layout_loops_ring, basic_altar, uniq_natasha, uniq_crazy_yiuf_cottage

Skill      XL: |  1  2 |
---------------+-------+-----
Fire Magic     | 3 |  3.1
Dodging        | 2 |  2.0
Long Blades    | |  0.2
Stealth        | |  1.9
Unarmed Combat | |  0.1
Spellcasting   | |  2.4
Conjurations   | |  1.0

Action                   || total
-------------------------++-------
Melee: Unarmed           ||    16
       Falchion          ||    27
       Punch             ||     1
 Cast: Foxfire           ||    55
  Use: Scroll            ||     1
 Stab: Sleeping          ||     2
Armor: Robe              ||    15
Dodge: Dodged            ||    35
